 Dungeon Crawl Stone Soup version 0.17.2-1-ge4368a0 (webtiles) character file.

23 ololoev the Chopper (level 2, -3/24 HPs)
             Began as a Demonspawn Berserker on July 26, 2016.
             Was a Follower of Trog.
             Slain by an adder (5 damage)
             ... on level 3 of the Dungeon.
             The game lasted 00:01:57 (211 turns).

ololoev the Chopper (Demonspawn Berserker)           Turns: 211, Time: 00:01:57

Health: -3/24      AC:  1    Str: 17    XL:     2   Next: 75%
Magic:  2/2        EV: 12    Int:  8    God:    Trog [*.....]
Gold:   16         SH:  0    Dex: 12    Spells: 0 memorised, 1 level left

rFire  . . .     SeeInvis .     a - +0 hand axe
rCold  . . .     Clarity  .     (no armour)
rNeg   . . .     SustAt   .     (no shield)
rPois  .         Gourm    .     (no helmet)
rElec  .         Spirit   .     (no cloak)
rCorr  .         Warding  .     (no gloves)
rMut   .         Stasis   .     (no boots)
MR     .....                    (no amulet)
Stlth  +.........               (no ring)
                                (no ring)

@: exhausted, slowed, very slow, not resistant to hostile enchantments, very
unstealthy
A: icy blue scales 1
a: Berserk, Burn Spellbooks, Renounce Religion


Innate Abilities, Weirdness & Mutations

You are partially covered in icy blue scales (AC +1).

Inventory:

Hand Weapons
 a - a +0 hand axe (weapon)
Armour
 b - a +0 animal skin
 i - a +0 chain mail
Scrolls
 d - a scroll of identify {unknown}
 g - a scroll of immolation {unknown}
Potions
 e - a potion of haste {unknown}
Comestibles
 c - a bread ration
 f - a chunk of flesh
 h - a meat ration


   Skills:
 - Level 3.0 Fighting
 * Level 3.4 Axes
 + Level 2.1 Armour
 - Level 1.7 Dodging


You had one spell level left.
You didn't know any spells.


You were on level 3 of the Dungeon.
You worshipped Trog.
Trog was aware of your devotion.
You were not hungry.

You visited 1 branch of the dungeon, and saw 3 of its levels.

You collected 16 gold pieces.

.. .b.......##.
#.#####..........
#................
####..###.######
#######..#.....<#
.........#.#.####
########.#.#.#
#...#)# #.#
#...S@# #.#
###.### #.# #.
#.# #. #. #. #.
.. S.

Notes
Turn   | Place    | Note
--------------------------------------------------------------
     0 | D:1      | ololoev the Demonspawn Berserker began the quest for the Orb.
     0 | D:1      | Reached XP level 1. HP: 18/18 MP: 1/1
   106 | D:2      | Found a faded altar to an unknown god.
   148 | D:2      | Gained mutation: You are partially covered in icy blue scales (AC +1). [demonic ancestry]
   148 | D:2      | Reached XP level 2. HP: 13/24 MP: 2/2
   211 | D:3      | Slain by an adder

Dungeon Overview and Level Annotations

Branches:
Dungeon (3/15)

Altars:


Message History

You slash the orc!
You kill the orc!
Trog accepts your kill.
Unknown command.
You slash the orc!
You kill the orc!
Trog accepts your kill.
Items here: )) [[ ††
i - a chain mail You feel a strong urge to attack something.
An adder comes into view.
You are no longer berserk.
You are exhausted.
You feel yourself slow down.
Items here: )) [[ † a hand axe; a leather armour; a short sword; a leather armour; an orc corpse Wear which item? (? for menu, Esc to quit)
You start removing your armour.
You continue taking off your +0 animal skin.
Keep disrobing?
You continue taking off your +0 animal skin.
The adder closely misses you.
You continue taking off your +0 animal skin.
The adder closely misses you. The adder bites you.
You continue taking off your +0 animal skin.
The adder bites you but does no damage. The adder closely misses you.
You finish taking off your +0 animal skin.
Unknown command.
Wear which item? (? for menu, Esc to quit)
The adder bites you.
Keep equipping yourself?
The adder bites you.
You start putting on your armour.
You continue putting on your chain mail.
The adder barely misses you. The adder completely misses you.
You continue putting on your chain mail.
The adder bites you. The adder barely misses you.
You continue putting on your chain mail.
The adder closely misses you. The adder bites you.
You die...

You could see an adder.

Vanquished Creatures
  5 orcs (D:3)
  3 giant cockroaches (D:2)
  A goblin (D:2)
  3 hobgoblins
  3 bats (D:2)
  A giant newt (D:2)
16 creatures vanquished.

Action                   || total
-------------------------++-------
Melee: Hand axe          ||    43
Invok: Berserk           ||     2
 Stab: Sleeping          ||     1

Vault maps used:
D:1:      erik_arrival_triangle_medium, minmay_misc_feat_plants
D:2:      lemuel_doored_altar, xom_butterflies, ecumenical_altar_2,
          kennysheep_decorative_pillar, st_stairs_1
D:3:      grunt_dithmenos_smoke, first_bread
